 Dungeon Sprint DCSS version 0.29-a0-506-ga2e7fffb44 (webtiles) character file.

Game seed: 16360089766696761688

18 mhtbhm the Skirmisher (level 2, -4/29 HPs)
             Began as a Minotaur Berserker on May 28, 2022.
             Was a Believer of Trog.
             Slain by a human (9 damage)
             ... in the Dungeon (Sprint III: "The Ten Rune Challenge").
             The game lasted 00:00:14 (48 turns).

mhtbhm the Skirmisher (Minotaur Berserker)            Turns: 48, Time: 00:00:15

Health: -4/29      AC:  2    Str: 21    XL:     2   Next: 48%
Magic:  1/1        EV: 12    Int:  4    God:    Trog [**....]
Gold:   0          SH:  0    Dex:  9    Spells: 1/1 levels left

rFire   . . .      SeeInvis .   a - +0 hand axe
rCold   . . .      Faith    .   (no shield)
rNeg    . . .      Spirit   .   b - +0 animal skin
rPois   .          Reflect  .   (helmet restricted)
rElec   .          Harm     .   (no cloak)
rCorr   .          Rampage  .   (no gloves)
Will    .....      NoTele   +   (no boots)
Stlth   +.........              (no amulet)
HPRegen 0.09/turn               (no ring)
MPRegen 0.07/turn               (no ring)

@: on berserk cooldown, slowed, very slow
A: horns 2, retaliatory headbutt
a: Renounce Religion, Berserk, Trog's Hand


You were in the Dungeon.
You worshipped Trog.
Trog was pleased with you.
You visited 1 branch

Inventory:

Hand Weapons
 a - a +0 hand axe (weapon)
Armour
 b - a +0 animal skin (worn)
Scrolls
 h - a scroll of blinking
 i - a scroll of identify {unknown}
Potions
 c - a potion of curing
 d - a potion of heal wounds
 e - a potion of haste
 f - 2 potions of magic
 g - a potion of berserk rage


   Skills:
 + Level 5.4 Fighting
 + Level 5.1 Axes
 + Level 3.1 Armour
 + Level 2.8 Dodging
 + Level 0.2 Stealth


You had one spell level left.
You didn't know any spells.
Your spell library was empty.

Dungeon Overview and Level Annotations

Branches:
Dungeon (1/1)

Altars:


Innate Abilities, Weirdness & Mutations

You have a pair of horns on your head.
You reflexively headbutt those who attack you in melee.


Message History

Your Axes skill increases to level 5!
Your Armour skill increases to level 3!
You have reached level 2!
You feel a strong urge to attack something.
The human closely misses you. You furiously retaliate!
You headbutt the human! You barely miss the human.
The human is heavily wounded.
The human hits you but does no damage.
You closely miss the human. Your headbutt misses the human.
The human is heavily wounded.
The human hits you.
You closely miss the human.
The human is heavily wounded.
You barely miss the human.
The human is heavily wounded.
The human hits you!
You closely miss the human.
The human is heavily wounded.
You closely miss the human. Your headbutt misses the human.
The human is heavily wounded.
The human hits you but does no damage.
You closely miss the human.
The human is heavily wounded.
The human hits you.
You are too injured to fight recklessly!
You are too injured to fight recklessly!
You are too injured to fight recklessly!
You barely miss the human.
The human is heavily wounded.
The human hits you.
You barely miss the human. Your headbutt misses the human.
The human is heavily wounded.
You are no longer berserk.
You are exhausted.
You feel yourself slow down.
You closely miss the human.
The human is heavily wounded.
The human hits you.
* * * LOW HITPOINT WARNING * * *
The human hits you!
You die...

▓<.# +.....♣♣
▓..# #......♣
▓#'####......♣
▓.....#....≈♣♣
▓.....#...≈≈.♣♣
▓.....#.†≈≈≈≈.♣♣
▓####'#..≈≈≈≈≈≈.
▓).†..#.≈≈≈≈≈≈..
▓.....#@≈≈≈≈≈...
▓.....#p≈≈≈.....
▓'#####.........
▓...............
▓▓▓▓▓▓▓▓▓▓▓▓▓▓▓▓


You could see a human.

Vanquished Creatures
  A wolf (D)
  2 endoplasms (D)
  2 rats (D)
5 creatures vanquished.

Notes
Turn   | Place    | Note
-------+----------+-------------------------------------------
     0 | D        | mhtbhm the Minotaur Berserker began the quest for the Orb.
     0 | D        | Reached XP level 1. HP: 19/19 MP: 0/0
    11 | D        | Reached ** piety under Trog
    32 | D        | Noticed a wolf
    36 | D        | Killed a wolf
    37 | D        | Reached skill level 5 in Fighting
    37 | D        | Reached skill level 5 in Axes
    37 | D        | Reached XP level 2. HP: 29/29 MP: 1/1
    48 | D        | Slain by a human

Illustrated notes

Levels and vault maps discovered:
D:        dungeon_sprint_mu [sprint_mu_entry_forest, sprint_mu_temple_rooms,
          sprint_mu_d1_horrors, sprint_mu_d2_genie, sprint_mu_d3_branching,
          sprint_mu_orc_legion, sprint_mu_elf_gauntlet, sprint_mu_hive_nellie,
          sprint_mu_lair_fedhas, sprint_mu_vaults_butterflies,
          sprint_mu_slime_circle, sprint_mu_swamp_cave, sprint_mu_shoals_archi,
          sprint_mu_blade_basic, sprint_mu_crypt_fortress,
          sprint_mu_tomb_spiral, sprint_mu_vestibule_basic,
          sprint_mu_gehenna_hellfire, sprint_mu_dis_giant,
          sprint_mu_tartarus_statrot, sprint_mu_cocytus_islands, sprint_mu_zot1]

Skill      XL: |  1 |
---------------+----+-----
Fighting       | 5 |  5.4
Axes           | 5 |  5.1
Armour         | 3 |  3.1
Dodging        | |  2.8
Stealth        | |  0.2

Action                   || total
-------------------------++-------
Melee: Hand axe          ||    15
Invok: Berserk           ||     1
 Stab: Sleeping          ||     1
Armor: Animal skin       ||     2
Dodge: Dodged            ||     6

Table legend: (Time is in decaauts)
 A = Elapsed time spent in this place.
 B = Non-inter-level travel time spent in this place.
 C = Inter-level travel time spent in this place.
 D = Time resting spent in this place.
 E = Time spent auto-exploring this place.
 F = Levels seen in this place.
 G = Mean time per level.
                   A        B        C        D        E       F      G
               +--------+--------+--------+--------+--------+-----+--------+
         Total |     44 |     44 |      0 |      0 |      4 |   1 |   44.0 |
       Dungeon |     44 |     44 |      0 |      0 |      4 |   1 |   44.0 |
               +--------+--------+--------+--------+--------+-----+--------+

Top non-repeatable levels by time:
       D: 44 daAuts
